 Dungeon Crawl Stone Soup version 0.28.0-45-g0d030f2227 (webtiles) character file.

Game seed: 18373389630580130615

416 Bliebski the Ducker (level 6, -3/49 (51) HPs)
             Began as a Demonspawn Gladiator on Apr 16, 2022.
             Slain by a gnoll sergeant
             ... wielding a +0 trident
              (8 damage)
             ... on level 6 of the Dungeon.
             The game lasted 00:07:02 (4486 turns).

Bliebski the Ducker (Demonspawn Gladiator)          Turns: 4486, Time: 00:07:05

HP:   -3/49 (51)    AC:  6    Str: 16    XL:     6   Next: 60%
MP:   6/6           EV: 12    Int: 10    God:
Gold: 139           SH:  0    Dex: 14    Spells: 5/5 levels left

rFire   . . .      SeeInvis .   f - +4 dagger
rCold   . . .      Faith    .   (no shield)
rNeg    . . .      Spirit   .   k - +0 ring mail
rPois   .          Reflect  .   c - +0 helmet
rElec   .          Harm     .   (no cloak)
rCorr   .          Rampage  .   (no gloves)
Will    .....                   (no boots)
Stlth   +.........              (no amulet)
HPRegen 0.16/turn               (no ring)
MPRegen 0.10/turn               (no ring)

@: lightly drained
A: foul stench 1, demonic magic 1, demonic touch 2
a: no special abilities


You were on level 6 of the Dungeon.
You visited 1 branch of the dungeon, and saw 5 of its levels.

You collected 139 gold pieces.

Inventory:

Hand Weapons
 a - a +0 rapier
 f - a +4 dagger (weapon)
Missiles
 d - 3 throwing nets (quivered)
 g - 91 stones
Armour
 b - a +0 leather armour
 c - a +0 helmet (worn)
 k - a +0 ring mail (worn)
Jewellery
 p - an amulet of regeneration
Scrolls
 l - a scroll of vulnerability {unknown}
 m - 3 scrolls of identify {unknown}
 o - a scroll of teleportation {unknown}
 q - a scroll of fear {unknown}
Potions
 e - 3 potions of flight {unknown}
 h - a potion of curing {unknown}
 i - a potion of attraction {unknown}
 j - a potion of brilliance {unknown}
 n - 2 potions of heal wounds {unknown}
 r - a potion of magic {unknown}


   Skills:
 + Level 5.0 Fighting
 - Level 3.0 Short Blades
 - Level 2.0 Throwing
 + Level 5.1 Dodging


You had 5 spell levels left.
You didn't know any spells.
Your spell library contained the following spells:

 Spells                   Type           Power      Damage    Failure   Level
 Summon Guardian Golem    Hex/Summ       0%         N/A       91%         3
 Orb of Destruction       Conj           0%         9d5       100%        7
 Spellforged Servitor     Conj/Summ      0%         N/A       100%        7
 Borgnjor's Revivificati  Necr           0%         N/A       100%        8
 Necromutation            Tmut/Necr      0%         N/A       100%        8
 Death's Door             Necr           0%         N/A       100%        9


Dungeon Overview and Level Annotations

Branches:
Dungeon (6/15)
 Temple: D:4-7

Altars:
Elyvilon

Annotations:
D:5 Dowan, Duvessa, Grinder
D:6 Pikel


Innate Abilities, Weirdness & Mutations

You may rarely emit foul miasma when damaged in melee.
Spells you cast may paralyse adjacent enemies.
Your touch may inflict irresistible damage on your foes.


Message History

You kill the gnoll!
The gnoll barely misses you. The gnoll closely misses you.
You hit the gnoll sergeant but do no damage.
The gnoll hits you with a +0 flail! The gnoll sergeant closely misses you.
The gnoll barely misses you.
You hit the gnoll sergeant but do no damage.
The gnoll sergeant hits you but does no damage.
The gnoll closely misses you. The gnoll barely misses you.
You hit the gnoll sergeant.
You touch the gnoll sergeant!
The gnoll sergeant is moderately wounded.
You hit the gnoll sergeant but do no damage.
The gnoll sergeant is moderately wounded.
The gnoll sergeant hits you with a +0 trident!
The gnoll closely misses you.
The gnoll hits you from afar with a +0 halberd!
* * * LOW HITPOINT WARNING * * *
You are too injured to fight recklessly!
You are too injured to fight recklessly!
The gnoll sergeant hits you from afar with a +0 trident.
* * * LOW HITPOINT WARNING * * *
Found 11 gold pieces.
There is a stone staircase leading up, spattered with blood here.
You climb upwards.
Level annotation: Dowan, Duvessa, Grinder The ice beast hits you but does no damage.
Dowan mumbles some strange words.
Dowan blinks!
Duvessa hits you with a +4 short sword of draining!
* * * LOW HITPOINT WARNING * * *
You feel drained.
* * * LOW HITPOINT WARNING * * *
There is a stone staircase leading down, spattered with blood here.
The ice beast barely misses you.
Dowan points at you and mumbles some strange words.
The puff of frost misses you.
The puff of frost hits Duvessa.
Duvessa closely misses you.
You climb downwards.
Level annotation: Pikel The gnoll sergeant hits you from afar with a +0 trident!
You die...

.......#.#..#...##
#...#.........##
###....#.........####.
..#....g##..............
........##..............
........#.g.............
........).g......(g.....
####......g)..###.......
#####..@.............
#...Y........#...
##..........## ..
#.......#### # ##......#
#.#.#.## ###.### ##


You could see an ice beast, a gnoll sergeant and 2 gnolls.

Vanquished Creatures
  An ogre (D:6)
  4 lemures (D:6)
  A centaur zombie (D:6)
  4 hounds
  An orc wizard (D:3)
  8 gnolls
  A worm (D:2)
  A dart slug (D:1)
  7 orcs (D:3)
  7 bats
  4 endoplasms
  3 giant cockroaches
  4 goblins
  7 hobgoblins
  5 jackals
  7 kobolds
  A quokka (D:3)
  5 ball pythons
  4 frilled lizards
  4 rats
79 creatures vanquished.

Notes
Turn   | Place    | Note
-------+----------+-------------------------------------------
     0 | D:1      | Bliebski the Demonspawn Gladiator began the quest for the
                  | Orb.
     0 | D:1      | Reached XP level 1. HP: 16/16 MP: 1/1
   553 | D:2      | Gained mutation: Your touch may inflict minor irresistible
                  | damage on your foes. [demonic ancestry]
   553 | D:2      | Reached XP level 2. HP: 18/22 MP: 2/2
  1074 | D:1      | Reached XP level 3. HP: 28/28 MP: 3/3
  2474 | D:3      | Gained mutation: Your touch may inflict irresistible damage
                  | on your foes. [demonic ancestry]
  2474 | D:3      | Reached XP level 4. HP: 25/35 MP: 4/4
  2877 | D:3      | Found a faded altar of an unknown god.
  2945 | D:3      | Gained mutation: You may rarely emit foul miasma when
                  | damaged in melee. [demonic ancestry]
  2945 | D:3      | Reached XP level 5. HP: 38/42 MP: 5/5
  3014 | D:3      | You fall into a shaft and drop 3 floors!
  3244 | D:6      | Noticed Pikel
  3244 | D:6      | Noticed a lemure
  3244 | D:6      | Noticed a lemure
  3244 | D:6      | Noticed a lemure
  3285 | D:6      | Noticed a lemure
  3299 | D:6      | Killed a lemure
  3316 | D:6      | Killed a lemure
  3325 | D:6      | Killed a lemure
  3383 | D:6      | Killed a lemure
  3688 | D:6      | Gained mutation: Spells you cast may paralyse adjacent
                  | enemies. [demonic ancestry]
  3688 | D:6      | Reached XP level 6. HP: 29/49 MP: 6/6
  4162 | D:5      | Entered Level 5 of the Dungeon
  4162 | D:5      | Noticed Grinder
  4163 | D:5      | Paralysed by Grinder for 3 turns
  4182 | D:5      | Noticed Dowan
  4182 | D:5      | Noticed an ice beast
  4182 | D:5      | Noticed Duvessa
  4207 | D:6      | Reached skill level 5 in Fighting
  4207 | D:6      | Reached skill level 5 in Dodging
  4486 | D:6      | Slain by a gnoll sergeant

Illustrated notes

Levels and vault maps discovered:
D:1:      matt_arrival_spirals, layout_loops_ring
D:2:      layout_basic, basic_altar, uniq_crazy_yiuf_cottage
D:3:      layout_rooms, shapermc_ecumenical_altar_mp_vishouse,
          pf_guarded_unrand_woodcutter
D:5:      lemuel_insect_pit, layout_rooms, mainiacjoe_overflow_chevrons,
          minmay_misc_feat_tower, uniq_sigmund, uniq_grinder, uniq_duvessa
D:6:      layout_cave_pools, serial_gnoll_camp, gnoll_camp_mini_hut,
          gnoll_camp_mini_sergeant, gnoll_camp_huts_basic,
          gnoll_camp_mini_doghouse, uniq_pikel, uniq_blork_the_orc

Skill      XL: |  1  2  3  4  5  6 |
---------------+-------------------+-----
Throwing       | 2 |  2.0
Short Blades   | 3 |  3.0
Dodging        | 3 4 5 |  5.1
Fighting       | 3 4 5 |  5.0

Action                   |  1- 3 |  4- 6 || total
-------------------------+-------+-------++-------
Melee: Rapier            |    15 |       ||    15
       Dagger            |    93 |   146 ||   239
       Punch             |     2 |     3 ||     5
       Touch             |     7 |    32 ||    39
 Stab: Sleeping          |     1 |       ||     1
Armor: Leather armour    |    21 |       ||    21
       Ring mail         |    22 |    35 ||    57
Dodge: Dodged            |    80 |   107 ||   187
